 Dungeon Crawl Stone Soup version bcrawl-1.28.1b (webtiles) character file.

Game seed: 12999449397731982667

207671 Mehrunes the Carver (level 9, 0/55 HPs)
             Began as a Skeleton Necromancer on Dec 30, 2020.
             Was a Believer of Kikubaaqudgha.
             Slain by a jelly (1 damage)
             ... on level 7 of the Dungeon.
             The game lasted 00:31:31 (9568 turns).

Mehrunes the Carver (Skeleton Necromancer)          Turns: 9568, Time: 00:31:32

Health: 0/55       AC: -1    Str: 17    XL:     9   Next: 54%
Magic:  0/13       EV:  7    Int: 17    God:    Kikubaaqudgha [**....]
Gold:   92         SH:  2    Dex:  9    Spells: 2/14 levels left

rFire    . . .     SeeInvis .   h - +0 falchion
rCold    + . .     Gourm    .   (no shield)
rNeg     + + +     Faith    .   t - +0 plate armour (curse)
rPois    ∞         Spirit   +   n - +0 helmet
rElec    .         Reflect  .   (no cloak)
rCorr    .         Harm     .   (no gloves)
MR       +....                  (no boots)
Stlth    ..........             (no amulet)
HPRegen  0.18/turn              f - +2 ring of intelligence
MPRegen  0.13/turn              (no ring)

@: corroded, studying Summonings
A: no food or potions, cold resistance 1, deterioration 1, negative energy
resistance 3, powered by death 1, torment resistance, unbreathing, magic shield,
sturdy frame 1, spell healing
a: Receive Corpses, Renounce Religion


You were on level 7 of the Dungeon.
You worshipped Kikubaaqudgha.
Kikubaaqudgha was pleased with you.
You were not hungry.

You visited 2 branches of the dungeon, and saw 8 of its levels.

You collected 362 gold pieces.
You spent 270 gold pieces at shops.

Inventory:

Hand Weapons
 a - a +1 dagger
 h - a +0 falchion (weapon)
Armour
 b - a +0 robe
 g - a +0 ring mail
 i - a +0 scale mail
 j - a +4 ring mail
 n - a +0 helmet (worn)
 p - a +0 chain mail
 r - the +2 scale mail of the Skies Above {Str+3 Int-4}
   (You bought it in a shop on level 5 of the Dungeon)

   It affects your strength (+3).
   It affects your intelligence (-4).
 t - a cursed +0 plate armour (worn)
Jewellery
 f - a +2 ring of intelligence (left hand)
Wands
 l - a wand of flame (24)
 v - a wand of disintegration (16)
Scrolls
 c - a scroll of fear {unknown}
 d - 7 scrolls of identify
 e - 9 scrolls of teleportation {unknown}
 k - a scroll of enchant weapon {unknown}
 m - a scroll of blinking {unknown}
 o - 2 scrolls of remove curse {unknown}
 s - a scroll of noise {unknown}
 u - a scroll of immolation {unknown}
Books
 q - a manual of Summonings


   Skills:
 - Level 6.1 Fighting
 * Level 11.7 Long Blades
 + Level 6.3 Armour
 - Level 2.0 Dodging
 - Level 2.4 Stealth
 - Level 3.0 Spellcasting
 - Level 4.3 Necromancy


You had 2 spell levels left.
You knew the following spells:

 Your Spells              Type           Power        Failure   Level  Hunger
a - Animate Skeleton      Necr           N/A          45%         1    N/A
b - Pain                  Necr           ###...       45%         1    N/A
c - Vampiric Draining     Necr           ###.......   83%         3    N/A
d - Animate Dead          Necr           N/A          99%         4    N/A
e - Corpse Rot            Necr           N/A          58%         2    N/A
f - Summon Butterflies    Summ           #.......     96%         1    N/A

Your spell library contained the following spells:

 Spells                   Type           Power        Failure   Level  Hunger
 Apportation              Tloc           #.....       96%         1    N/A
 Infusion                 Chrm           #.......     96%         1    N/A
 Sandblast                Erth           #.....       96%         1    N/A
 Slow                     Hex            #.......     96%         1    N/A
 Bolt of Draining         Conj/Necr      #.........   100%        5    N/A
 Regeneration             Chrm/Necr      Unusable     N/A         3    N/A

Dungeon Overview and Level Annotations

Branches:
Dungeon (7/12)             Temple (1/1) D:5
   Lair: D:7-9

Altars:
Ashenzari
Cheibriados
Dithmenos
Elyvilon
Fedhas
Gozag
Hepliaklqana
Kikubaaqudgha
Lugonu
Makhleb
Nemelex Xobeh
Okawaru
Qazlal
Ru
Trog
Uskayaw
Vehumet
Wu Jian
Xom
The Shining One

Shops:
D:5 =*[?


Innate Abilities, Weirdness & Mutations

You do not eat or drink.
You are immune to poison.
Your flesh is cold resistant. (rC+)
Your body sometimes deteriorates upon taking damage.
You are immune to negative energy. (rN+++)
You regenerate a little health from kills.
You are immune to unholy pain and torment.
You can survive without breathing.
When hurt, damage is shared between your health and your magic reserves.
Your movements are slightly less encumbered by armour. (ER -2)
Casting spells heals you.


Message History

Casting: Corpse Rot (safe; 58% risk of failure)
Confirm with . or Enter, or press ? or * to list all spells.
The spell is very dangerous to cast (83% risk of failure)!
Continue anyway? [Y]es or [N]o only, please.
The spell is very dangerous to cast (83% risk of failure)!
Continue anyway? [Y]es or [N]o only, please.
The spell is very dangerous to cast (83% risk of failure)!
Continue anyway?
Okay, then.
The bullfrog hits you! The bullfrog hits you!
* * * LOW HITPOINT WARNING * * *
You hit the jelly. The acid corrodes you!
Your hands burn!
* * * LOW HITPOINT WARNING * * *
The jelly is almost dead.
The bullfrog closely misses you. The bullfrog hits you!
* * * LOW HITPOINT WARNING * * *
The jelly hits you.
You die...
Kikubaaqudgha rasps: "You have failed me!
Welcome... oblivion!"

....# +..... ....#
#..... ....# #.....
...># ########....#
#######.....##....#
#.....'......#....#
#.....#......#....#
'†....#......#..F.#
#.....#......#..@J#
#....##....###....#
#######....####'###
#..........$.#
#............#
#............#
#......#.....#
##+###.#######
####......#


You could see a bullfrog and a jelly.

Vanquished Creatures
  Sigmund (D:3)
  Eustachio (D:4)
  Duvessa (D:4)
  2 orc warriors
  A sky beast (D:4)
  An ice beast (D:7)
  7 ogres
  2 centaurs
  2 bullfrogs (D:6)
  A big kobold (D:7)
  Dowan (D:4)
  2 wyvern skeletons
  2 scorpions
  A howler monkey (D:5)
  3 crimson imps
  A jelly (D:5)
  2 bullfrog zombies (D:7)
  5 orc priests
  7 orc wizards (D:6)
  Terence (D:2)
  An iguana (D:7)
  3 worker ants
  3 worker ant zombies
  4 gnolls (D:7)
  10 adders
  An ooze (D:4)
  3 worms
  4 dart slugs
  7 leopard geckos
  10 orcs
  5 giant cockroaches
  8 hobgoblins
  19 jackals
  14 kobolds
  5 quokkas
  2 ball pythons
  5 bats
  2 frilled lizards (D:1)
  10 goblins
  2 quokka skeletons
  4 rats
166 creatures vanquished.

Vanquished Creatures (collateral kills)
  A quokka zombie (D:5)
1 creature vanquished.

Vanquished Creatures (others)
  An orc wizard (D:6)
1 creature vanquished.

Grand Total: 168 creatures vanquished

Notes
Turn   | Place    | Note
-------+----------+-------------------------------------------
     0 | D:1      | Mehrunes the Skeleton Necromancer began the quest for the
                  | Orb.
     0 | D:1      | Reached XP level 1. HP: 10/10 MP: 4/4
   136 | D:1      | Reached skill level 1 in Fighting
   388 | D:1      | Reached XP level 2. HP: 16/16 MP: 4/6
   460 | D:1      | Reached skill level 1 in Armour
   841 | D:1      | Reached XP level 3. HP: 7/22 MP: 1/7
  1260 | D:2      | Found a shattered altar of Ashenzari.
  1261 | D:2      | Found a shadowy altar of Dithmenos.
  1286 | D:2      | Found a blossoming altar of Fedhas.
  1550 | D:2      | Reached XP level 4. HP: 28/28 MP: 6/8
  1882 | D:2      | Found an ornate altar of the Wu Jian Council.
  1914 | D:2      | Noticed Terence
  1920 | D:2      | Killed Terence
  1921 | D:2      | Reached skill level 1 in Long Blades
  2046 | D:3      | Reached skill level 2 in Long Blades
  2113 | D:3      | Reached XP level 5. HP: 33/33 MP: 2/9
  2188 | D:3      | Noticed an ogre
  2260 | D:3      | Noticed Sigmund
  2411 | D:3      | Noticed an ogre
  2694 | D:4      | Noticed an ogre
  2888 | D:4      | Noticed Dowan
  2888 | D:4      | Noticed Duvessa
  2895 | D:5      | Entered Level 5 of the Dungeon
  2895 | D:5      | Noticed a centaur
  2904 | D:5      | Killed a centaur
  2905 | D:5      | Reached skill level 3 in Long Blades
  2905 | D:5      | Gained mutation: You regenerate a little health from kills.
                  | [Skeleton growth]
  2905 | D:5      | Reached XP level 6. HP: 33/38 MP: 1/10
  2940 | D:5      | Learned a level 3 spell: Vampiric Draining
  3048 | D:5      | Found a radiant altar of Vehumet.
  3181 | D:5      | Found a stormy altar of Qazlal.
  3244 | D:5      | Reached skill level 4 in Long Blades
  3274 | D:5      | Found Ynacin Ubui's Magic Scroll Boutique.
  3328 | D:5      | Found Leetexergh's Assorted Antiques.
  3705 | D:5      | Found Rituank's Jewellery Emporium.
  3822 | D:5      | Found a staircase to the Ecumenical Temple.
  3838 | D:5      | Found Zahim's Antique Armour Shop.
  4139 | Temple   | Entered the Ecumenical Temple
  4214 | Temple   | Became a worshipper of Kikubaaqudgha
  4233 | D:5      | Learned a level 4 spell: Animate Dead
  4402 | D:6      | Reached skill level 5 in Long Blades
  4402 | D:6      | Reached XP level 7. HP: 16/44 MP: 3/11
  4720 | D:5      | Reached skill level 5 in Fighting
  4824 | D:6      | Reached skill level 6 in Long Blades
  5256 | D:6      | Reached skill level 7 in Long Blades
  5256 | D:6      | Reached XP level 8. HP: 41/50 MP: 9/12
  5277 | D:6      | Reached * piety under Kikubaaqudgha
  5277 | D:6      | Identified Kikubaaqudgha's Compendium of Evil Magic
                  | (Kikubaaqudgha gifted it to you on level 6 of the Dungeon)
  5277 | D:6      | Received a gift from Kikubaaqudgha
  5334 | D:6      | Learned a level 2 spell: Corpse Rot
  5336 | D:6      | Learned a level 1 spell: Summon Butterflies
  5911 | D:6      | Reached skill level 8 in Long Blades
  6441 | D:5      | Bought a transparent scale mail for 270 gold pieces
  6451 | D:5      | Identified the +2 scale mail of the Skies Above {Str+3
                  | Int-4} (You bought it in a shop on level 5 of the Dungeon)
  6543 | D:4      | Noticed Eustachio
  6575 | D:4      | Reached skill level 9 in Long Blades
  6641 | D:4      | Killed Eustachio
  6642 | D:4      | Reached skill level 5 in Armour
  6927 | D:4      | Killed Duvessa
  6928 | D:4      | Reached skill level 10 in Long Blades
  6953 | D:4      | Killed Dowan
  6954 | D:4      | Reached XP level 9. HP: 42/55 MP: 10/13
  8236 | D:3      | Killed Sigmund
  8237 | D:3      | Reached skill level 11 in Long Blades
  9259 | D:7      | Reached ** piety under Kikubaaqudgha
  9568 | D:7      | HP: 1/55 [bullfrog (10)]
  9568 | D:7      | Slain by a jelly

Skill      XL: |  1  2  3  4  5  6  7  8  9 |
---------------+----------------------------+-----
Fighting       | 1 2 3 4 5 6 |  6.1
Armour         | 1 2 3 4 5 6 |  6.3
Long Blades    | 2 3 5 7 10 11 | 11.7
Dodging        | |  2.0
Stealth        | |  2.4
Spellcasting   | |  3.0
Necromancy     | |  4.3

Action                   |  1- 3 |  4- 6 |  7- 9 || total
-------------------------+-------+-------+-------++-------
Melee: Dagger            |    54 |     1 |       ||    55
       Falchion          |       |    99 |   658 ||   757
 Cast: Pain              |    95 |    84 |       ||   179
       Vampiric Draining |       |     2 |    23 ||    25
       Animate Skeleton  |       |     1 |       ||     1
       Corpse Rot        |       |       |     5 ||     5
Invok: Receive Corpses   |       |       |     3 ||     3
 Stab: Sleeping          |       |       |     1 ||     1
Armor: Robe              |    15 |       |       ||    15
       Ring mail         |       |    48 |    93 ||   141
       Scale mail        |       |     3 |   101 ||   104
       Plate armour      |       |       |    57 ||    57
Dodge: Dodged            |    51 |   105 |   270 ||   426
Block: Other             |       |     1 |    25 ||    26
